AoeStats
← Dai_Chen

Arena

510770308Analyzed
4v4 RM · 1d ago on Oct 2, 2026· 36m 32s· 8 players
Game mode
Random Map
Map size
Large (8 player)
Population
200
Speed
Normal
Resources
Standard
Victory
Conquest
Starting age
Dark Age
Ending age
Imperial Age
RankedLock teamsTeams togetherTeam positionsShared explorationLock speedFull tech treeHidden civsTurbo modeCheats
Victory
Defeat
🇹🇼 Poles · Taiwan
992
+13
🇹🇼 Aztecs · Taiwan
953
+15
🇹🇼 Persians · Taiwan
938
+15
🇹🇼 Burgundians · Taiwan
931
+15
🇨🇳 Franks · China
946
-16
🇦🇷 Goths · Argentina
942
-15
🇦🇷 Sicilians · Argentina
917
-14
🇺🇸 Slavs · United States
884
-13
keager241
0:28 Loom
12:25 Feudal Age
13:28 Double-Bit Axe
13:25 Horse Collar
20:28 Castle Age
18:31 Gold Mining
20:00 Wheelbarrow
22:04 Husbandry
22:15 Bloodlines
22:25 Heavy Plow
26:05 Bow Saw
29:50 Hand Cart
31:17 Pikeman
31:57 Squires
35:51 Imperial Age
35:42 Light Cavalry
Sensei
7:47 Loom
29:06 Feudal Age
30:31 Double-Bit Axe
33:25 Horse Collar
Deiv
14:53 Feudal Age
18:51 Castle Age
16:41 Double-Bit Axe
20:01 Castle Age
17:49 Horse Collar
18:04 Gold Mining
18:04 Stone Mining
18:10 Stone Mining
21:22 Bow Saw
22:39 Heavy Plow
26:29 Loom
30:43 Pikeman
31:24 Squires
32:15 Stone Shaft Mining
35:20 Imperial Age
33:27 Wheelbarrow
32:40 Town Watch
33:07 Forging
32:58 Scale Mail Armor
33:57 Town Patrol
34:38 Iron Casting
35:03 Chain Mail Armor
34:53 Anarchy
35:42 Hand Cart
37:18 Two-Man Saw
35:44 Halberdier
手抓羊排
11:14 Feudal Age
12:36 Loom
14:54 Castle Age
12:42 Double-Bit Axe
12:51 Gold Mining
16:39 Bow Saw
17:26 Loom
21:34 Wheelbarrow
23:25 Stone Mining
25:29 Treadmill Crane
27:49 Hand Cart
30:44 Gold Shaft Mining
32:43 Imperial Age
31:28 Husbandry
31:56 Town Watch
32:43 Forging
32:38 Scale Barding Armor
32:50 Masonry
32:36 Murder Holes
32:05 Ordonnance Companies
32:56 Town Patrol
32:49 Cavalier
33:51 Conscription
33:32 Chivalry
35:21 Iron Casting
35:07 Chain Barding Armor
34:25 Paladin
37:17 Blast Furnace
yang101310427
11:56 Feudal Age
10:51 Loom
11:12 Double-Bit Axe
16:00 Castle Age
15:10 Bow Saw
16:06 Wheelbarrow
15:18 Horse Collar
19:44 Town Watch
24:08 Gold Mining
24:41 Heavy Plow
28:21 Imperial Age
25:51 Treadmill Crane
26:57 Ballistics
26:32 Murder Holes
26:48 Masonry
27:04 Hand Cart
27:31 Coinage
27:43 Stone Mining
28:29 Gold Shaft Mining
28:01 Town Patrol
28:16 Scale Barding Armor
27:45 Cavalier
28:25 Husbandry
29:04 Forging
30:59 Stone Shaft Mining
31:32 Iron Casting
30:19 Paladin
31:58 Chain Barding Armor
31:48 Arrowslits
34:16 Scale Mail Armor
34:52 Plate Barding Armor
36:01 Blast Furnace
35:26 Guilds
35:26 Burgundian Vineyards
37:05 Chemistry
Shutter
11:30 Feudal Age
15:15 Castle Age
13:09 Horse Collar
13:15 Double-Bit Axe
16:14 Bow Saw
16:05 Heavy Plow
20:40 Town Watch
21:34 Wheelbarrow
27:13 Imperial Age
25:01 Scale Barding Armor
25:07 Forging
26:11 Chain Barding Armor
26:37 Bloodlines
26:28 Husbandry
27:42 Iron Casting
27:42 Szlachta Privileges
27:23 Cavalier
29:49 Blast Furnace
30:19 Hand Cart
29:50 Town Watch
29:52 Loom
33:41 Chemistry
34:37 Town Patrol
36:04 Gold Mining
36:06 Stone Mining
南瓜小公主
0:28 Loom
12:19 Feudal Age
14:06 Wheelbarrow
13:24 Double-Bit Axe
16:22 Castle Age
15:10 Gold Mining
17:59 Horse Collar
19:50 Squires
20:51 Eagle Warrior
23:09 Forging
23:02 Heavy Plow
25:25 Pikeman
26:51 Iron Casting
26:36 Hand Cart
34:04 Imperial Age
32:12 Stone Mining
32:57 Gold Shaft Mining
33:23 Ballistics
33:30 Town Watch
34:13 Scale Mail Armor
35:03 Coinage
35:58 Stone Shaft Mining
35:46 Chain Mail Armor
36:31 Blast Furnace
35:27 Treadmill Crane
36:09 Fletching
36:51 Banking
37:52 Chemistry
36:38 Arrowslits
Dai_Chen
0:31 Loom
10:18 Feudal Age
Connection lost

Rejoining the realm…

Still unreachable

The connection could not be restored.

Session expired

The server has moved on; the page needs a fresh start.